 Dungeon Crawl Stone Soup version 0.24-a0-528-g98e85ec62a (webtiles) character file.

Game seed: 14277933375808412818

419 Burgietje the Shield-Bearer (level 6, -7/53 HPs)
             Began as a Gnoll Fighter on Aug 5, 2019.
             Mangled by an ogre
             ... wielding a +0 giant club
              (12 damage)
             ... on level 3 of the Dungeon.
             The game lasted 00:04:45 (2681 turns).

Burgietje the Shield-Bearer (Gnoll Fighter)         Turns: 2681, Time: 00:04:46

Health: -7/53      AC: 10    Str: 21    XL:     6   Next: 93%
Magic:  0/9        EV:  9    Int: 10    God:
Gold:   106        SH: 11    Dex: 14    Spells: 9/9 levels left

rFire    x . .     SeeInvis .   a - +0 war axe
rCold    + . .     Gourm    .   c - +0 shield
rNeg     . . .     Faith    .   b - +0 scale mail
rPois    .         Spirit   +   (no helmet)
rElec    .         Reflect  .   x - +1 cloak {MR+}
rCorr    .         Harm     .   (no gloves)
MR       +....                  (no boots)
Stlth    +.........             t - amulet of guardian spirit
HPRegen  0.17/turn              p - ring of ice
MPRegen  0.11/turn              (no ring)

@: no status effects
A: distributed training, fangs 1, strong nose
a: no special abilities


You were on level 3 of the Dungeon.
You were not hungry.

You visited 1 branch of the dungeon, and saw 3 of its levels.

You collected 106 gold pieces.

Inventory:

Hand Weapons
 a - a +0 war axe (weapon)
Armour
 b - a +0 scale mail (worn)
 c - a +0 shield (worn)
 x - a +1 cloak of magic resistance (worn)
 z - a +2 hat
Jewellery
 p - a ring of ice (left hand)
 t - an amulet of guardian spirit (around neck)
 y - an uncursed amulet of harm
 A - a cursed ring of attention {unknown}
Scrolls
 j - a scroll of enchant armour {unknown}
 l - 3 scrolls of teleportation {unknown}
 n - a scroll of fog {unknown}
 r - 3 scrolls of identify {unknown}
 s - a scroll of remove curse {unknown}
 u - 2 scrolls of fear {unknown}
 w - 2 scrolls of noise {unknown}
Potions
 d - a potion of might
 e - 2 potions of lignification {unknown}
 g - 2 potions of haste {unknown}
 h - 3 potions of curing {unknown}
 k - a potion of degeneration {unknown}
 m - a potion of brilliance {unknown}
 o - 2 potions of ambrosia {unknown}
 q - a potion of flight {unknown}
 v - a potion of mutation {unknown}
Comestibles
 f - 2 rations
 i - 3 chunks of flesh


   Skills:
 + Level 6.9 Fighting
 + Level 2.1 Short Blades
 + Level 2.1 Long Blades
 + Level 5.0 Axes
 + Level 2.1 Maces & Flails
 + Level 2.1 Polearms
 + Level 2.1 Staves
 + Level 2.1 Slings
 + Level 2.1 Bows
 + Level 2.1 Crossbows
 + Level 2.1 Throwing
 + Level 6.9 Armour
 + Level 2.1 Dodging
 + Level 2.1 Stealth
 + Level 6.9 Shields
 + Level 2.1 Unarmed Combat
 + Level 2.1 Spellcasting
 + Level 1.7 Conjurations
 + Level 1.7 Hexes
 + Level 1.7 Charms
 + Level 1.7 Summonings
 + Level 1.7 Necromancy
 + Level 1.7 Translocations
 + Level 1.7 Transmutations
 + Level 1.7 Fire Magic
 + Level 1.7 Ice Magic
 + Level 1.7 Air Magic
 + Level 1.7 Earth Magic
 + Level 1.7 Poison Magic
 + Level 2.3 Invocations
 + Level 2.1 Evocations


You had 9 spell levels left.
You didn't know any spells.
Your spell library was empty.

Dungeon Overview and Level Annotations

Branches:
Dungeon (3/15)

Altars:
Hepliaklqana
Ru


Innate Abilities, Weirdness & Mutations

Your experience applies equally to all skills.
You have very sharp teeth.
Your uncanny sense of smell can sniff out nearby items.


Message History

You are too injured to fight recklessly!
You are too injured to fight recklessly!
You are too injured to fight recklessly!
You are too injured to fight recklessly!
You are too injured to fight recklessly!
You are too injured to fight recklessly!
You hit the ogre.
The ogre is moderately wounded.
You block the ogre's attack.
You barely miss the ogre.
The ogre is moderately wounded.
The ogre hits you with a +0 giant club!!
* * * LOW HITPOINT WARNING * * *
You hit the ogre but do no damage.
The ogre is moderately wounded.
The ogre hits you but does no damage.
You slash the ogre!
The ogre is severely wounded.
The ogre hits you with a +0 giant club!
You die...

#####....#......###.#
#.....###..###....#.#
#####..####...#.#.÷....#
.......####.###.###...##
.####..##...#..÷..#...#
..###.....###.###)###.#
...##.###.#.. #.....#
##.##.# #.###.###.###.#
...##(###...#..O@.#...#
............###.###..##
....##.###....#.#....#
..#.##.# #....###..#.#
..#.##.######........#
..#..#..# #######.##
..##.##.# #..# ####.##.#
#.## ..##.##.# #.#


You could see an ogre.

Vanquished Creatures
  Sigmund (D:3)
  The ghost of Burgietje the Skirmisher, an amateur GrFi (D:3)
  An orc priest (D:3)
  Crazy Yiuf (D:2)
  2 adders (D:3)
  An ooze (D:3)
  2 worms (D:2)
  3 dart slugs
  4 leopard geckos
  7 orcs (D:3)
  5 giant cockroaches
  11 goblins
  8 hobgoblins
  6 jackals (D:3)
  A quokka (D:2)
  10 bats
  3 frilled lizards
  7 kobolds
  10 rats
84 creatures vanquished.

Notes
Turn   | Place    | Note
-------+----------+-------------------------------------------
     0 | D:1      | Burgietje the Gnoll Fighter began the quest for the Orb.
     0 | D:1      | Reached XP level 1. HP: 23/23 MP: 1/1
   180 | D:1      | Reached XP level 2. HP: 29/29 MP: 2/2
   790 | D:2      | Reached XP level 3. HP: 35/35 MP: 3/3
   844 | D:2      | Found a hazy altar of Hepliaklqana.
  1004 | D:2      | Reached skill level 1 in Invocations
  1050 | D:2      | Found a runed translucent door.
  1051 | D:2      | Noticed Crazy Yiuf
  1401 | D:2      | Killed Crazy Yiuf
  1401 | D:2      | Reached skill level 1 in Short Blades
  1401 | D:2      | Reached skill level 1 in Long Blades
  1401 | D:2      | Reached skill level 1 in Maces & Flails
  1401 | D:2      | Reached skill level 1 in Polearms
  1401 | D:2      | Reached skill level 1 in Staves
  1401 | D:2      | Reached skill level 1 in Slings
  1401 | D:2      | Reached skill level 1 in Bows
  1401 | D:2      | Reached skill level 1 in Crossbows
  1401 | D:2      | Reached skill level 1 in Throwing
  1401 | D:2      | Reached skill level 1 in Dodging
  1401 | D:2      | Reached skill level 1 in Stealth
  1401 | D:2      | Reached skill level 1 in Unarmed Combat
  1401 | D:2      | Reached skill level 1 in Spellcasting
  1401 | D:2      | Reached skill level 1 in Evocations
  1401 | D:2      | Reached XP level 4. HP: 10/41 MP: 1/5
  1807 | D:3      | Reached skill level 1 in Conjurations
  1807 | D:3      | Reached skill level 1 in Hexes
  1807 | D:3      | Reached skill level 1 in Charms
  1807 | D:3      | Reached skill level 1 in Summonings
  1807 | D:3      | Reached skill level 1 in Necromancy
  1807 | D:3      | Reached skill level 1 in Translocations
  1807 | D:3      | Reached skill level 1 in Transmutations
  1807 | D:3      | Reached skill level 1 in Fire Magic
  1807 | D:3      | Reached skill level 1 in Ice Magic
  1807 | D:3      | Reached skill level 1 in Air Magic
  1807 | D:3      | Reached skill level 1 in Earth Magic
  1807 | D:3      | Reached skill level 1 in Poison Magic
  1818 | D:3      | Reached XP level 5. HP: 13/47 MP: 1/6
  2119 | D:3      | Noticed Sigmund
  2129 | D:3      | Killed Sigmund
  2129 | D:3      | Reached skill level 5 in Axes
  2129 | D:3      | Reached XP level 6. HP: 48/53 MP: 6/8
  2179 | D:3      | Found a sacrificial altar of Ru.
  2384 | D:3      | Found a runed translucent door.
  2384 | D:3      | Noticed Burgietje's ghost (amateur GrFi)
  2404 | D:3      | Killed Burgietje's ghost
  2681 | D:3      | Mangled by an ogre

Levels and vault maps discovered:
D:1:      lightli_arrival_quake, layout_basic, st_stairs_8, minmay_pentomino_t4
D:2:      layout_loops_ring, lemuel_round_altar, uniq_crazy_yiuf_cottage
D:3:      layout_loops_cross, hangedman_ru_absence, gammafunk_ghost_grave,
          minmay_quantized, uniq_sigmund

Skill      XL: |  1  2  3  4  5  6 |
---------------+-------------------+-----
Invocations    | 1 2 |  2.3
Short Blades   | 1 2 |  2.1
Long Blades    | 1 2 |  2.1
Maces & Flails | 1 2 |  2.1
Polearms       | 1 2 |  2.1
Staves         | 1 2 |  2.1
Slings         | 1 2 |  2.1
Bows           | 1 2 |  2.1
Crossbows      | 1 2 |  2.1
Throwing       | 1 2 |  2.1
Dodging        | 1 2 |  2.1
Stealth        | 1 2 |  2.1
Unarmed Combat | 1 2 |  2.1
Spellcasting   | 1 2 |  2.1
Evocations     | 1 2 |  2.1
Conjurations   | 1 |  1.7
Hexes          | 1 |  1.7
Charms         | 1 |  1.7
Summonings     | 1 |  1.7
Necromancy     | 1 |  1.7
Translocations | 1 |  1.7
Transmutations | 1 |  1.7
Fire Magic     | 1 |  1.7
Ice Magic      | 1 |  1.7
Air Magic      | 1 |  1.7
Earth Magic    | 1 |  1.7
Poison Magic   | 1 |  1.7
Axes           | 5 |  5.0
Fighting       | |  6.9
Armour         | |  6.9
Shields        | |  6.9

Action                   |  1- 3 |  4- 6 || total
-------------------------+-------+-------++-------
Melee: War axe           |    93 |   134 ||   227
       Bite              |    11 |    17 ||    28
  Use: Potion            |       |     1 ||     1
  Eat: Chunk             |     2 |     4 ||     6
Armor: Scale mail        |    35 |    47 ||    82
Dodge: Dodged            |    25 |    51 ||    76
Block: Shield            |    48 |    88 ||   136

Table legend:
 A = Non-vault XP
 B = Vault XP
 C = Vault XP percentage of total XP
 D = Non-vault monster count
 E = Vault monster count
 F = Vault count percentage of total count
                 A         B        C        D         E       F
            +---------+---------+-------+---------+---------+-------
      Total |     211 |     388 |  64.8 |      71 |      13 |  15.5
            +---------+---------+-------+---------+---------+-------
        D:1 |      24 |       9 |  27.3 |      13 |       6 |  31.6
        D:2 |      41 |      39 |  48.8 |      21 |       1 |   4.5
        D:3 |     146 |     340 |  70.0 |      37 |       6 |  14.0
            +---------+---------+-------+---------+---------+-------
